 Dungeon Crawl Stone Soup version 0.30-a0-570-g486de37d69 (webtiles) character file.

Game seed: 14708717161722317551

29 M4edhros the Trooper (level 3, -1/26 HPs)
             Began as an Octopode Fighter on Dec 29, 2022.
             Slain by a jackal (2 damage)
             ... on level 4 of the Dungeon.
             The game lasted 00:00:35 (434 turns).

M4edhros the Trooper (Octopode Fighter)              Turns: 434, Time: 00:00:36

Health: -1/26      AC:  1    Str: 15    XL:     3   Next: 16%
Magic:  3/3        EV: 13    Int: 10    God:
Gold:   16         SH:  0    Dex: 13    Spells: 2/2 levels left

rFire   . . .      SeeInvis +    a - +0 trident
rCold   . . .      Faith    .    b - +0 buckler
rNeg    . . .      Spirit   .    (helmet restricted)
rPois   .          Reflect  .    (no amulet)
rElec   .          Harm     .    (no ring)
rCorr   .          Rampage  .    (no ring)
Will    .....      Clarity  +    (no ring)
Stlth   ++                       (no ring)
HPRegen 0.24/turn                (no ring)
MPRegen 0.08/turn                (no ring)
                                 (no ring)
                                 (no ring)

@: confused, mighty, lethally poisoned (-1 -> -11), ambrosia-drunk
A: almost no armour, amphibious, 8 rings, camouflage 1, gelatinous body 1,
(nimble swimmer 1), tentacles, see invisible, clarity
a: no special abilities


You were on level 4 of the Dungeon.
You visited 1 branch of the dungeon, and saw 4 of its levels.

You collected 16 gold pieces.

Inventory:

Hand Weapons
 a - a +0 trident (weapon)
Armour
 b - a +0 buckler (worn)
Scrolls
 d - a scroll of enchant weapon {unknown}
 f - a scroll of identify {unknown}
Potions
 c - 2 potions of might


   Skills:
 + Level 3.3 Fighting
 + Level 2.4 Polearms
 + Level 3.3 Dodging
 + Level 3.3 Shields


You had 2 spell levels left.
You didn't know any spells.
Your spell library was empty.

Dungeon Overview and Level Annotations

Branches:
Dungeon (4/15)
 Temple: D:4-7

Altars:


Innate Abilities, Weirdness & Mutations

You cannot wear most types of armour.
You are amphibious.
You can wear up to eight rings at the same time.
Your skin changes colour to match your surroundings (Stealth+).
Your rubbery body absorbs attacks. (AC +1, EV +1)
((You are camouflaged when in or above water. (Stealth+)))
You have tentacles for arms and can constrict up to eight enemies at once.
You have supernaturally acute eyesight. (SInv)
You possess an exceptional clarity of mind.


Message History

The jackal closely misses you.
You barely miss the ufetubus. Your grab misses the ufetubus.
You constrict the jackal. The jackal barely misses you.
The jackal closely misses you.
The ufetubus hits you but does no damage.
The ufetubus closely misses you. The jackal bites you.
* * * LOW HITPOINT WARNING * * *
The jackal barely misses you. The ufetubus closely misses you.
The ufetubus barely misses you. The jackal completely misses you.
You barely miss the ufetubus. You grab the ufetubus. You squeeze the ufetubus!
You kill the ufetubus!
You constrict the jackal.
You kill the jackal!
The jackal bites you.
* * * LOW HITPOINT WARNING * * *
The jackal barely misses you. The jackal completely misses you.
The jackal closely misses you.
You have reached level 3!
Your experience leads to an increase in your attributes!
Increase (S)trength, (I)ntelligence, or (D)exterity?
You feel agile. x2
It was a potion of mutation.
You feel extremely strange.
Your vision sharpens.
Your thoughts seem clearer.
The jackal barely misses you. You block the jackal's attack.
The kobold closely misses you.
It was a potion of ambrosia.
You are confused.
You feel invigorated. The jackal barely misses you. The jackal bites you.
* * * LOW HITPOINT WARNING * * *
The scorpion barely misses you. The kobold hits you with a +0 dagger.
* * * LOW HITPOINT WARNING * * *
You miss the kobold. You squeeze the kobold.
You kill the kobold!
The jackal barely misses you. The jackal misses you. The scorpion stings you!
* * * LOW HITPOINT WARNING * * *
You are lethally poisoned!
The scorpion poisons you! The jackal bites you.
* * * LOW HITPOINT WARNING * * *
The jackal bites you.
You die...

#.........#[
#...........
#####.........#
#)............#
..............
$...........#
.......)hh..#
........@s..#
.....[.....##
###....<..##
.........##
###.....##
#....## #....
#####


You could see a scorpion and 2 jackals.

Vanquished Creatures
  An ufetubus (D:4)
  A worm (D:3)
  2 dart slugs
  A ball python (D:3)
  2 endoplasms
  A giant cockroach (D:3)
  A goblin (D:2)
  A hobgoblin (D:3)
  2 jackals (D:4)
  2 kobolds
  A quokka (D:3)
  A bat (D:2)
16 creatures vanquished.

Notes
Turn   | Place    | Note
-------+----------+-------------------------------------------
     0 | D:1      | M4edhros the Octopode Fighter began the quest for the Orb.
     0 | D:1      | Reached XP level 1. HP: 16/16 MP: 1/1
   137 | D:2      | Reached XP level 2. HP: 21/21 MP: 2/2
   427 | D:4      | Noticed a scorpion
   432 | D:4      | Reached XP level 3. HP: 3/26 MP: 3/3
   432 | D:4      | Gained mutation: You have supernaturally acute eyesight.
                  | (SInv) [potion of mutation]
   432 | D:4      | Gained mutation: You possess an exceptional clarity of
                  | mind. [potion of mutation]
   434 | D:4      | HP: 1/26 [jackal (1)]
   434 | D:4      | Slain by a jackal

Illustrated notes

Levels and vault maps discovered:
D:1:      saegor_arrival_simple_d, layout_rooms, minivault_27,
          chequers_serial_rivers_small_3, serial_park_tiny_1, nicolae_wormholes
D:2:      layout_basic
D:3:      layout_rooms
D:4:      layout_rooms, fedhas_altar_3, ebering_ghost_reflecting_pool,
          serial_demonic, serial_demonic_a, serial_demonic_b, serial_demonic_c,
          serial_demonic_f, serial_demonic_e, serial_demonic_c,
          kennysheep_big_empty_room, nrook_campfire

Action                   || total
-------------------------++-------
Melee: Trident           ||    37
       Tentacles         ||     7
       Constrict         ||     7
       Punch             ||     1
  Use: Potion            ||     3
 Stab: Sleeping          ||     2
Armor: Skin              ||     5
Dodge: Dodged            ||    45
Block: Buckler           ||     9

Table legend: (Time is in decaauts)
 A = Elapsed time spent in this place.
 B = Non-inter-level travel time spent in this place.
 C = Inter-level travel time spent in this place.
 D = Time resting spent in this place.
 E = Time spent auto-exploring this place.
 F = Levels seen in this place.
 G = Mean time per level.
                   A        B        C        D        E       F      G
               +--------+--------+--------+--------+--------+-----+--------+
         Total |    441 |    400 |     41 |      0 |    284 |   4 |  110.2 |
       Dungeon |    441 |    400 |     41 |      0 |    284 |   4 |  110.2 |
               +--------+--------+--------+--------+--------+-----+--------+

Top non-repeatable levels by time:
     D:3: 286 daAuts
     D:2: 110 daAuts
     D:1: 30 daAuts
     D:4: 12 daAuts
